 Dungeon Crawl Stone Soup version 0.18-a0-76-g3fe7f8b (webtiles) character file.

4908 Proton the Protected (level 10, -20/94 HPs)
             Began as a Deep Dwarf Fighter on Nov 12, 2015.
             Was an Initiate of Ru.
             Demolished by a white ugly thing (28 damage)
             ... on level 11 of the Dungeon.
             The game lasted 00:20:20 (5788 turns).

Proton the Protected (Deep Dwarf Fighter)           Turns: 5788, Time: 00:20:20

Health: -20/94     AC: 19    Str: 22    XL:     10   Next: 27%
Magic:  10/10      EV:  8    Int:  8    God:    Ru [......]
Gold:   376        SH: 11    Dex: 12    Spells: 0 memorised, 9 levels left

rFire  . . .     SeeInvis .     v - +5 war axe
rCold  . . .     Clarity  .     q - +1 plate armour
rNeg   . . .     SustAt   .     c - +0 shield
rPois  .         Gourm    .     (no helmet)
rElec  .         Spirit   .     C - +2 cloak
rCorr  .         Warding  .     E - +0 pair of gloves
rMut   .         Stasis   .     (no boots)
MR     ++...                    (no amulet)
Stlth  ..........               (no ring)
                                (no ring)

@: non-regenerating, very resistant to hostile enchantments, extremely
unstealthy
A: damage resistance, recharge devices, blurry vision 1, dopey 1, magic
resistance 1, sense surroundings 2, slow regeneration 3, wild magic 1
a: Device Recharging, Renounce Religion


You were on level 11 of the Dungeon.
You worshipped Ru.
Ru was noncommittal.
You were not hungry.

You visited 2 branches of the dungeon, and saw 12 of its levels.

You collected 514 gold pieces.
You spent 138 gold pieces at shops.

Inventory:

Hand Weapons
 v - a +5 war axe (weapon)
Missiles
 a - 8 poisoned tomahawks
 b - 3 javelins (quivered)
Armour
 c - a +0 shield (worn)
 q - a +1 plate armour (worn)
 C - a +2 cloak (worn)
 E - a +0 pair of gloves (worn)
Wands
 e - a wand of heal wounds (0)
 w - a wand of magic darts (11)
 y - a wand of fireball (6)
 D - a wand of enslavement (9)
Scrolls
 g - a scroll of teleportation
 k - 2 scrolls of magic mapping
 l - 2 scrolls of immolation
 n - 3 scrolls of enchant weapon
 o - a scroll of fear
 s - 2 scrolls of enchant armour
 x - 3 scrolls of recharging
 F - a scroll of noise {unknown}
Potions
 d - 2 potions of might
 j - 4 potions of curing
 m - a potion of cancellation {unknown}
 r - a potion of magic
 t - a potion of flight
 u - a potion of brilliance
 z - 2 potions of poison {unknown}
 A - 2 potions of resistance
 B - 2 potions of invisibility {unknown}
Comestibles
 f - 6 bread rations
 h - 5 beef jerkies
 i - 5 meat rations
 p - 3 fruits


   Skills:
 + Level 7.5 Fighting
 + Level 8.5 Axes
 + Level 8.8 Armour
 + Level 7.3 Dodging
 + Level 8.4 Shields


You had 9 spell levels left.
You didn't know any spells.

Dungeon Overview and Level Annotations

Branches:
Dungeon (11/15)            Temple (1/1) D:6            Lair (0/8) D:11
    Orc: D:9-12

Altars:
Ashenzari
Cheibriados
Dithmenos
Elyvilon
Fedhas
Gozag
Kikubaaqudgha
Makhleb
Nemelex Xobeh
Okawaru
Qazlal
Ru
Sif Muna
Trog
Vehumet
Xom
Yredelemnul
Zin
The Shining One

Shops:
D:9 ?

Annotations:
D:8 ReteAZ's ghost, novice TrMo


Innate Abilities, Weirdness & Mutations

You are resistant to damage.
You can recharge devices by infusing magical energy.
You are dopey. (Int -2)
You passively map the area around you.
You do not regenerate naturally.
Scrolls take you a little longer to read.
You are resistant to hostile enchantments.
Your spells are a little harder to cast, but a little more powerful.


Message History

The white ugly thing kicks you!
* * * LOW HITPOINT WARNING * * *
The white ugly thing freezes you!!
* * * LOW HITPOINT WARNING * * *
Evoke which item? (* to show all) (? for menu, Esc to quit)
Zapping:
e - a wand of heal wounds (1)
Press: ? - help, Shift-Dir - straight line, f - you You feel much better.
This wand has 0 charges left.
The white ugly thing kicks you but does no damage.
You hit the white ugly thing but do no damage.
The white ugly thing is severely wounded.
You block the white ugly thing's attack.
You slash the white ugly thing!
The white ugly thing is severely wounded.
The white ugly thing kicks you. The white ugly thing freezes you!!
* * * LOW HITPOINT WARNING * * *
The white ugly thing kicks you!
* * * LOW HITPOINT WARNING * * *
The white ugly thing freezes you!!
You die...

,,** *#......Y. ,
* #..# * * * #..#
* * * #..# *, ,
########..# * * *
, ..........# #
.....>....# .# ,
########..####..#
, #.@......# , ,
* ###.u......# *,
#..........# *
#..........# * *
,, * #..........#
* , ............#
, .............>#
,,, , ,
**####..........#
#....>.....# ,


You could see a white ugly thing.

Vanquished Creatures
  A hill giant (D:10)
  Joseph (D:7)
  A hippogriff (D:10)
  A wasp (D:9)
  A sky beast (D:9)
  An orc warrior (D:9)
  A water moccasin (D:9)
  A necrophage (D:7)
  An ice beast (D:7)
  An eye of draining (D:10)
  3 ogres
  A black bear (D:8)
  3 centaurs
  5 giant frogs
  A big kobold (D:9)
  A wyvern skeleton (D:9)
  2 scorpions
  7 wights
  15 killer bees
  The ghost of Oper80 the Vexing, a weakling HEAM (D:3)
  A centaur zombie (D:6)
  A crimson imp (D:7)
  A giant frog zombie (D:11)
  A jelly (D:5)
  Crazy Yiuf (D:7)
  2 giant frog skeletons
  5 orc priests
  7 orc wizards
  A centaur skeleton (D:8)
  3 worker ants
  Natasha (D:2)
  4 iguanas
  2 hounds (D:4)
  12 adders
  7 gnolls
  A shadow imp (D:8)
  4 worms
  2 adder skeletons (D:4)
  6 giant geckos
  31 orcs
  9 giant cockroaches
  8 goblins
  3 hobgoblins (D:2)
  A quokka (D:6)
  3 ball pythons
  6 bats
  A giant gecko skeleton (D:4)
  3 giant newts
  8 kobolds
  2 rats (D:1)
186 creatures vanquished.

Notes
Turn   | Place    | Note
--------------------------------------------------------------
     0 | D:1      | Proton the Deep Dwarf Fighter began the quest for the Orb.
     0 | D:1      | Reached XP level 1. HP: 20/20 MP: 1/1
    92 | D:1      | Reached XP level 2. HP: 25/27 MP: 2/2
   297 | D:1      | Reached XP level 3. HP: 30/34 MP: 3/3
   973 | D:2      | Found a sparkling altar of Nemelex Xobeh.
  1338 | D:2      | Reached skill level 5 in Fighting
  1338 | D:2      | Reached skill level 5 in Axes
  1338 | D:2      | Reached skill level 6 in Armour
  1338 | D:2      | Reached XP level 4. HP: 12/46 MP: 4/4
  1341 | D:2      | Noticed Natasha
  1347 | D:2      | Killed Natasha
  1347 | D:2      | Reached XP level 5. HP: 29/52 MP: 5/5
  1616 | D:3      | Noticed Oper80's ghost (weakling HEAM)
  1667 | D:4      | Reached XP level 6. HP: 16/61 MP: 6/6
  1668 | D:4      | Reached skill level 5 in Dodging
  1903 | D:4      | Reached XP level 7. HP: 36/68 MP: 7/7
  1972 | D:4      | Gained mutation: You are resistant to hostile enchantments. [potion of mutation]
  1972 | D:4      | Gained mutation: Your spells are a little harder to cast, but a little more powerful. [potion of mutation]
  1972 | D:4      | Gained mutation: Scrolls take you a little longer to read. [potion of mutation]
  2284 | D:3      | Killed Oper80's ghost
  2648 | D:5      | Entered Level 5 of the Dungeon
  3055 | D:5      | Reached skill level 7 in Armour
  3383 | D:6      | Found a staircase to the Ecumenical Temple.
  3389 | Temple   | Entered the Ecumenical Temple
  3714 | Temple   | Became a worshipper of Ru the Awakened
  3762 | D:6      | Found a basalt altar of Yredelemnul.
  3835 | D:6      | Reached XP level 8. HP: 18/76 MP: 8/8
  3877 | D:6      | Found an ancient bone altar of Kikubaaqudgha.
  3996 | D:7      | Noticed Crazy Yiuf
  4005 | D:7      | Killed Crazy Yiuf
  4480 | D:7      | Gained mutation: You passively map the area around you. [Deep Dwarf growth]
  4480 | D:7      | Reached XP level 9. HP: 30/85 MP: 9/9
  4530 | D:7      | Noticed Joseph
  4569 | D:7      | Killed Joseph
  4677 | D:7      | Gained mutation: You are dopey. (Int -2) [Ru sacrifice]
  4748 | D:8      | Reached skill level 8 in Armour
  4797 | D:8      | Found a stormy altar of Qazlal.
  4797 | D:8      | Found a glowing golden altar of the Shining One.
  4854 | D:8      | Noticed ReteAZ's ghost (novice TrMo)
  5108 | D:9      | Found Hyeraite's Magic Scroll Shop.
  5137 | D:9      | Bought a scroll of recharging for 114 gold pieces
  5137 | D:9      | Bought a scroll of identify for 24 gold pieces
  5309 | D:9      | Reached XP level 10. HP: 32/94 MP: 10/10
  5538 | D:10     | Entered Level 10 of the Dungeon
  5719 | D:10     | Noticed a hill giant
  5740 | D:11     | Found a staircase to the Lair.
  5753 | D:11     | Noticed a white ugly thing
  5770 | D:10     | Killed a hill giant
  5788 | D:11     | Demolished by a white ugly thing

Vault maps used:
D:1:      evilmike_arrival_plus, kennysheep_small_spiral, minmay_misc_feat_roman
D:2:      nemelex_deck, uniq_natasha
D:3:      first_bread
D:5:      hangedman_decor_growths
D:6:      wad_lake_hut, kennysheep_mini, yredelemnul_altar_generic,
          minmay_temple_entry_hall
D:7:      uniq_joseph, uniq_crazy_yiuf_cottage
D:8:      grunt_temple_overflow_open, uniq_pikel
D:9:      serial_shops, nicolae_shop_window_shopping
D:10:     minmay_ornate_pinched, hangedman_pestilent_swarm,
          hangedman_abyss_or_decor_stagger, minivault_13
D:11:     dpeg_lair_monsters, lab_entry_generic
Temple:   hc_temple_tempest_star

Action                   |  1- 3 |  4- 6 |  7- 9 | 10-12 || total
-------------------------+-------+-------+-------+-------++-------
Melee: War axe           |   105 |   117 |   426 |    77 ||   725
Throw: Javelin           |       |     4 |     4 |       ||     8
Invok: Sacrifice Purity  |       |       |     1 |       ||     1
Evoke: Wand              |       |     2 |     5 |     4 ||    11
  Use: Scroll            |     4 |       |    16 |       ||    20
       Potion            |     1 |       |     1 |       ||     2
  Eat: Meat ration       |     1 |       |     1 |       ||     2
       Pizza             |       |       |     1 |     1 ||     2
       Royal jelly       |       |       |     1 |       ||     1
       Fruit             |       |       |     1 |       ||     1
       Beef jerky        |       |       |       |     1 ||     1
